[Event "Late-Titled-Tuesday-Blitz-March-19-2024"]
[Site "Chess.com"]
[Date "2024.03.19"]
[Round "9"]
[White "Njal28"]
[Black "FabianoCaruana"]
[Result "0-1"]
[WhiteElo "3046"]
[BlackElo "3082"]
[TimeControl "180+1"]
[EndTime "15:44:23 PDT"]
[Termination "FabianoCaruana won by resignation"]

1. d4 Nf6 2. c4 e6 3. Nf3 d5 4. e3 a6 5. cxd5 exd5 6. Nc3 Bd6 7.
Bd3 O-O 8. O-O Re8 9. h3 Nbd7 10.
Qc2 Nf8 11. Bd2 c6 12. Rfe1 h6 13. Re2 Bd7 14. Rae1 Rc8 15. e4 dxe4 16. Nxe4 Nxe4 17. Bxe4 Be6 18. Bc3 Nd7 19. Bh7+ Kh8 20. Bf5 Nf8 21. d5 cxd5 22. Qd2 Kg8 23. Qd4 Qf6 24. Qxf6 gxf6 25. Bd3 Nd7 26. Nd4 Be5 27. f4 Bxf4 28. Nxe6 fxe6 29. Rxe6 Rxe6 30. Rxe6 Be5 31. Bf5 Bxc3 32. bxc3 Rxc3 33. Rd6 Ne5 34. Rxd5 Kf7 35. Rd6 Rc6 36.
Rd8 b5 37. Rh8 a5 38. Rxh6 Rb6 39. Rh7+ Kg8 40. Ra7 a4 41. h4 Nc6 42. Rd7 Ne5 43. Ra7 Nc6 44. Rd7 Ne5 45. Rc7 b4 46. h5 Nf7 47. Bd3 Ne5 48. Be4 Ng4 49. Bd5+ Kf8 50.
Ra7 b3 51. axb3 axb3 52. Be4 Rb4 53. Bg6 b2 54. Ra8+ Kg7 55. Bb1 Rc4 56. Ra7+ Kh6 57.
Rh7+ Kg5 58. Rg7+ Kh4 59. g3+ Kxg3 60. Kf1 Rc1+ 61. Ke2 Rxb1 62. Rb7 Rh1 63. Rb3+ Kh4 64. Rxb2 Rh2+ 0-1

[Event "Late-Titled-Tuesday-Blitz-March-19-2024"]
[Site "Chess.com"]
[Date "2024.03.19"]
[Round "9"]
[White "GM_shahin"]
[Black "DryCounty"]
[Result "1/2-1/2"]
[WhiteElo "2873"]
[BlackElo "2663"]
[TimeControl "180+1"]
[EndTime "15:44:23 PDT"]
[Termination "Game drawn - insufficient material"]

1. e4 e5 2. Nf3 Nc6 3. Bb5 a6 4. Ba4 Nf6 5. O-O Nxe4 6. d4 b5 7. Bb3 d5 8. dxe5 Be6 9. Qe2 Be7 10. Rd1 O-O 11. c4 bxc4 12. Bxc4 Bc5 13. Be3 Bxe3 14. Qxe3 Qb8 15. Bb3 Qb6 16. Qxb6 cxb6 17. Nbd2 Nc5 18. Rac1 Rac8 19. Bc2 Nb4 20. Bb1 Ncd3 21.
Rxc8 Rxc8 22. b3 Rc3 23. Nf1 Rc1 24. Rxc1 Nxc1 25. a3 Nc6 26. N1d2 Bg4 27. b4 Ne2+ 28. Kf1 Nc3 29. Bd3 b5 30. h3 Bxf3 31. Nxf3 a5 32. bxa5 Nxa5 33. Ke1 Nc4 34. Bxc4 dxc4 35. Nd4 Kf8 36. f4 Ke7 37. f5 Kd7 38. g4 g6 39.
Kd2 Nb1+ 40. Kc2 Nxa3+ 41. Kc3 gxf5 42. gxf5 Nb1+ 43. Kb4 Nd2 44. Kxb5 c3 45. Kb4 Nf3 46. e6+ fxe6 47. Nxf3 c2 48. Ne5+ Ke7 49. Nd3 exf5 50. Kc3 Kf6 51. Kxc2 Kg5 52. Kd2 Kh4 53. Nf2 Kg3 54.
Ke2 Kg2 55. Ke3 Kg3 56. Ke2 Kg2 57. h4 Kg3 58. h5 Kh4 59. h6 Kg5 60. Kf3 Kxh6 61.
Kf4 Kg6 62. Nh1 h5 63. Ng3 h4 64. Nxf5 h3 65. Kg3 Kxf5 66. Kxh3 1/2-1/2

[Event "Late-Titled-Tuesday-Blitz-March-19-2024"]
[Site "Chess.com"]
[Date "2024.03.19"]
[Round "9"]
[White "Heydarli77"]
[Black "mind1mover"]
[Result "0-1"]
[WhiteElo "2403"]
[BlackElo "2797"]
[TimeControl "180+1"]
[EndTime "15:44:24 PDT"]
[Termination "mind1mover won by checkmate"]

1. d4 d5 2. c4 dxc4 3. e3 Nf6 4.
Bxc4 e6 5. Nf3 c5 6. O-O Nc6 7.
Nc3 a6 8. d5 Na5 9. b3 b5 10.
Be2 exd5 11. Bb2 Be7 12. a3 O-O 13. b4 cxb4 14. axb4 Bxb4 15. Nxb5 axb5 16. Bxf6 Qxf6 17. Qxd5 Be6 18. Qxb5 Rab8 19. Qa6 Nb3 20. Rab1 Nc5 21. Qa7 Rb7 22. Qa1 Qxa1 23. Rxa1 Nb3 24. Rab1 Rbb8 25. Rb2 Bc3 26. Rc2 Bf6 27. h3 Bf5 28. Rc6 Be4 29. Ra6 Bxf3 30. gxf3 Nc5 31. Rc6 Rfc8 32. Rxc8+ Rxc8 33. Rc1 Rc7 34. Kg2 Ne6 35. Rb1 g6 36. f4 Kg7 37.
Bg4 Nc5 38. Rc1 h5 39. Be2 Ne6 40. Rd1 Rc2 41. Kf1 Bh4 42. Rd5 Nc5 43. f5 Ne4 44. fxg6 fxg6 45. Rd4 Nc3 46. Bxh5 Rxf2+ 47. Kg1 gxh5 48.
Rxh4 Rf5 49. Rb4 Nd5 50. Rb7+ Rf7 51. Rb5 Nf6 52. Kg2 Re7 53. Kf3 Rf7 54. Kg3 Kg6 55. Kh4 Re7 56. Rg5+ Kh6 57. Rf5 Re4+ 58. Kg3 Rxe3+ 59.
Kf2 Re6 60. Ra5 Ne4+ 61. Kg2 Rg6+ 62. Kf3 Ng5+ 63. Kg3 h4+ 64. Kh2 Nf3+ 65. Kh1 Rg1# 0-1

[Event "Late-Titled-Tuesday-Blitz-March-19-2024"]
[Site "Chess.com"]
[Date "2024.03.19"]
[Round "9"]
[White "Byniolus"]
[Black "Durarbayli"]
[Result "0-1"]
[WhiteElo "2783"]
[BlackElo "2959"]
[TimeControl "180+1"]
[EndTime "15:44:28 PDT"]
[Termination "Durarbayli won on time"]

1. d4 Nf6 2. Nf3 b6 3. Bf4 Bb7 4. e3 Nh5 5. Bg5 h6 6. Bh4 g5 7. Nfd2 gxh4 8. Qxh5 e6 9. Nc3 Qg5 10. Qe2 h3 11. f3 hxg2 12. Bxg2 Rg8 13. Bf1 Bb4 14.
O-O-O Bxc3 15. bxc3 Nc6 16. Kb2 O-O-O 17. Nb3 Ne7 18. e4 Ng6 19. c4 f5 20. d5 Nf4 21.
Qe3 fxe4 22. fxe4 Qe5+ 23. Qd4 Qxd4+ 24. Nxd4 c5 25. Nb5 a6 26. Nd6+ Kc7 27. Nxb7 Kxb7 28. Bd3 e5 29. Rhg1 Nh3 30. Rg3 Rxg3 31. hxg3 Rg8 32. Rf1 Rxg3 33. Rf7 Kc7 34. Rh7 Rg6 35. Be2 Nf4 36. Bf3 Rf6 37. Bg4 Rd6 38. Bf5 b5 39.
cxb5 axb5 40. a3 Ne2 41. Bg4 Ng3 42. Bf3 Rf6 43. Bg2 c4 44. Kc3 Ra6 45. Kb4 Kb6 46. Rxd7 Ra4+ 47. Kc3 Rxa3+ 48. Kb2 Re3 49. Rd6+ Kc5 50.
Rxh6 Nxe4 51. Bxe4 Rxe4 52. d6 Rd4 53. Rh5 Kxd6 54.
Rh6+ Kc5 55. Rh8 b4 56. Rc8+ Kd5 57. Rb8 Kc5 58. Rc8+ Kd6 59. Rb8 c3+ 60. Kb3 Kc5 61.
Re8 Kd5 62. Rh8 Ke4 63. Rh3 Kf4 64. Rh1 e4 0-1

[Event "Late-Titled-Tuesday-Blitz-March-19-2024"]
[Site "Chess.com"]
[Date "2024.03.19"]
[Round "9"]
[White "Irishchessman16"]
[Black "TheKnightOfBosnia"]
[Result "0-1"]
[WhiteElo "2534"]
[BlackElo "2635"]
[TimeControl "180+1"]
[EndTime "15:44:32 PDT"]
[Termination "TheKnightOfBosnia won by resignation"]

1. c4 g6 2. e4 Bg7 3. d4 d6 4. Nc3 e5 5. Nge2 Nc6 6. Be3 f5 7. exf5 gxf5 8. dxe5 dxe5 9. Qxd8+ Nxd8 10. f4 Nf6 11. h3 e4 12. Nd4 c6 13. Be2 Rg8 14. Kf2 Bf8 15. a3 a5 16. Rhb1 a4 17. Bd1 Ne6 18.
Nxf5 Nxf4 19. Bxf4 Bxf5 20. Be3 Nd7 21. Bh5+ Kd8 22.
g4 Be6 23. Nxe4 Bxc4 24. Rd1 Bd5 25. Nc3 Bb3 26. Rd2 Kc8 27. Re1 Bc5 28. Bxc5 Nxc5 29. g5 Ra5 30. Bg4+ Kb8 31. h4 Bc4 32. Re7 h6 33.
Kg3 hxg5 34. h5 Rh8 35. Rh2 Nd3 36. h6 Re5 37. Rxe5 Nxe5 38. Bf5 Bd3 39. Bxd3 Nxd3 40. Kg4 Ne5+ 41. Kxg5 Nf3+ 42. Kg6 Nxh2 43. Kg7 Rd8 44. h7 b5 45. h8=Q Rxh8 46. Kxh8 Kc7 47. Kg7 Kd6 48. Kf6 Nf3 49. Ne4+ Kd5 50. Nc3+ Kc4 51. Ke6 Nd4+ 52. Kd6 Kb3 53. Kc5 Nc2 54. Kxc6 Kxb2 55. Nxb5 Kb3 56. Kb6 Nxa3 57. Nd4+ Kc4 58. Nc6 Nc2 59. Ne5+ Kb4 60. Nc6+ Kc3 61. Na5 a3 62. Nc4 Kxc4 0-1

[Event "Late-Titled-Tuesday-Blitz-March-19-2024"]
[Site "Chess.com"]
[Date "2024.03.19"]
[Round "9"]
[White "DavidGavrilescu18"]
[Black "Mikasinski"]
[Result "1-0"]
[WhiteElo "2770"]
[BlackElo "2644"]
[TimeControl "180+1"]
[EndTime "15:44:37 PDT"]
[Termination "DavidGavrilescu18 won by checkmate"]

1. e4 c5 2. Nf3 d6 3. d4 cxd4 4. Qxd4 a6 5. Be2 Nc6 6. Qe3 Nf6 7. O-O g6 8. Rd1 Qc7 9. h3 Bg7 10. c4 O-O 11. Nc3 Be6 12. Rb1 Rfd8 13. b3 Rac8 14. Bb2 h6 15. Nd5 Bxd5 16. exd5 Nb8 17. Re1 Re8 18. Bd3 Nbd7 19. a4 Nc5 20. Bc2 e6 21. dxe6 Rxe6 22. Qd2 Nfe4 23. Qf4 Bxb2 24. Rxb2 Ng5 25. Rbb1 d5 26. Qg4 Nxf3+ 27. Qxf3 dxc4 28. bxc4 Rce8 29. Rxe6 Rxe6 30. g3 b6 31. Rd1 Qe7 32. Rd2 Kg7 33. Kg2 Qf6 34. h4 Qxf3+ 35. Kxf3 a5 36.
h5 gxh5 37. Rd5 Rf6+ 38. Ke2 h4 39. gxh4 Rf4 40. Bd3 Rxh4 41. Rd6 Nxa4 42. Ke3 Rg4 43. f3 Rg5 44. Bc2 Nb2 45. Kd4 b5 46. c5 Nc4 47.
Rd7 Ne5 48. Rc7 Nxf3+ 49. Ke3 Ne5 50. Be4 b4 51. Rb7 Ng4+ 52. Kd4 Nf6 53. c6 Rg4 54.
Re7 Rg1 55. Bd3 Rc1 56. Bc4 b3 57. c7 b2 58. c8=Q b1=Q 59. Rxf7+ Kg6 60. Rxf6+ Kxf6 61.
Qe6+ Kg5 62. Qe3+ Kf6 63. Qe5+ Kg6 64. Bd3+ Qxd3+ 65. Kxd3 Rd1+ 66. Ke2 Rg1 67. Qe4+ Kh5 68. Qe8+ Rg6 69. Kf3 Kg5 70. Qe5+ Kh4 71. Qxa5 Rf6+ 72. Kg2 Rg6+ 73. Kh2 Rf6 74. Qe5 Rg6 75. Qf5 Rg5 76.
Qh3# 1-0

[Event "Late-Titled-Tuesday-Blitz-March-19-2024"]
[Site "Chess.com"]
[Date "2024.03.19"]
[Round "9"]
[White "tolimachess"]
[Black "SuanFernandes"]
[Result "1-0"]
[WhiteElo "2460"]
[BlackElo "2321"]
[TimeControl "180+1"]
[EndTime "15:44:40 PDT"]
[Termination "tolimachess won on time"]

1. e4 c6 2. d4 d5 3. exd5 cxd5 4. Bd3 Nc6 5. Nf3 Nf6 6. c3 Bg4 7. O-O e6 8. Bf4 Bd6 9. Bxd6 Qxd6 10. Nbd2 O-O 11. Re1 a6 12. h3 Bh5 13. Qc2 Bg6 14. Ne5 Rac8 15. Bxg6 hxg6 16. Qd3 b5 17. f4 Na5 18. a4 Nc4 19. axb5 axb5 20. Ndf3 Nxb2 21. Qxb5 Rb8 22. Qc6 Qxc6 23. Nxc6 Rb6 24. Nfe5 Re8 25. Nb4 Ne4 26. Ra2 f6 27. Nd7 Rb7 28. Rxe4 Rxd7 29. Re2 Nc4 30. Ra6 Kf7 31. g4 Nd6 32. Nd3 Ne4 33. Rc6 Ra8 34. Nc5 Nxc5 35. Rxc5 Ra1+ 36. Kg2 Ra6 37. Kf3 Rb7 38. f5 gxf5 39. gxf5 exf5 40.
Rxd5 Rc7 41. Re3 Ra3 42. Rxf5 Rcxc3 43. Rxc3 Rxc3+ 44. Kg4 Rd3 45. Rd5 Ke6 46. Rd8 g6 47.
h4 Rd1 48. Re8+ Kf7 49. Rd8 Rd3 50. d5 Ke7 51. Rg8 Rxd5 52. Rxg6 Rd4+ 53. Kh5 Kf7 54. Rg1 Rd5+ 55. Kh6 Rf5 56. h5 Rf2 57. Rg7+ Kf8 58. Ra7 Rg2 59. Kh7 f5 60. Ra5 Rf2 61. Kg6 Ke7 62.
Re5+ Kf8 63. Kf6 1-0

[Event "Late-Titled-Tuesday-Blitz-March-19-2024"]
[Site "Chess.com"]
[Date "2024.03.19"]
[Round "9"]
[White "SultaiC"]
[Black "Zq1"]
[Result "0-1"]
[WhiteElo "2505"]
[BlackElo "2632"]
[TimeControl "180+1"]
[EndTime "15:44:44 PDT"]
[Termination "Zq1 won by checkmate"]

1. e4 c5 2. Nf3 d6 3. d4 cxd4 4. Nxd4 Nf6 5. Nc3 Nc6 6. Bc4 Bd7 7. O-O g6 8. Re1 Bg7 9. h3 Nxd4 10. Qxd4 O-O 11.
Be3 Bc6 12. f3 Nxe4 13. Qd3 Nxc3 14. bxc3 d5 15. Bb3 e6 16. Rad1 b5 17. Bc5 Re8 18.
Bd4 a5 19. a3 a4 20. Ba2 Qe7 21. Qf1 Qxa3 22. Ra1 Qd6 23. Qf2 Rac8 24. Red1 Bd7 25. Rab1 Bxd4 26. Qxd4 Qc5 27. Rd2 Qxc3 28. Qf2 Qc5 29.
Kf1 Qxf2+ 30. Kxf2 Rc3 31. Ke2 Rec8 32. Kd1 g5 33. Rb4 Kg7 34. Kc1 Re3 35. Kd1 h6 36. h4 Kf6 37. Rg4 Ra3 38. Bb1 Ra1 39. Rb4 a3 40. c3 Ra8 41. Ra2 Rxa2 42. Bxa2 Ra4 43.
hxg5+ hxg5 44. Rb1 Rh4 45. Ke2 Ra4 46. g4 Ke5 47. Ke3 Ra8 48. Re1 Kd6 49. Kd4 Ra4+ 50. Ke3 b4 51. Bb3 bxc3 52. Bxa4 Bxa4 53. Ra1 e5 54. Rxa3 d4+ 55. Kd3 Bb5+ 56. Kc2 Kc5 57. Ra8 Kb4 58. Rb8 d3+ 59. Kc1 Kc5 60. Rc8+ Kd4 61.
Kd1 Ba4+ 62. Ke1 d2+ 63. Kf2 d1=Q 64. Rd8+ Kc5 65. Rxd1 Bxd1 66. f4 exf4 67. Kg2 Bxg4 68. Kh2 Kd4 69. Kg2 Ke3 70. Kf1 c2 71. Kg2 c1=Q 72.
Kh2 Qd2+ 73. Kg1 Qe1+ 74. Kh2 Qf2+ 75. Kh1 Bf3# 0-1

[Event "Late-Titled-Tuesday-Blitz-March-19-2024"]
[Site "Chess.com"]
[Date "2024.03.19"]
[Round "9"]
[White "Fonsofan"]
[Black "ckgchess"]
[Result "0-1"]
[WhiteElo "2749"]
[BlackElo "2936"]
[TimeControl "180+1"]
[EndTime "15:44:46 PDT"]
[Termination "ckgchess won on time"]

1. b4 Nf6 2. Bb2 g6 3. Nf3 Bg7 4. c4 O-O 5. g3 d6 6. d4 e5 7. dxe5 Ng4 8. Bg2 Nc6 9. a3 Ngxe5 10. Nxe5 Nxe5 11. Qc1 Bg4 12. h3 Bxe2 13. Kxe2 Re8 14. Kd2 Qf6 15. Kc2 Qf5+ 16. Kb3 Nd3 17. Qc2 Bxb2 18.
Ra2 a5 19. Rxb2 axb4 20. axb4 Nxb2 21. Qxb2 b5 22. Rc1 bxc4+ 23. Rxc4 Rab8 24. Nc3 c5 25.
Nd5 Re5 26. Qd2 cxb4 27. Kb2 b3 28. f4 Ree8 29. g4 Qe6 30. Re4 Rec8 31. Rxe6 Rc2+ 32.
Qxc2 bxc2+ 33. Kxc2 fxe6 34. Nf6+ Kg7 35. g5 Rb4 36. Ne8+ Kf8 37. Nxd6 Rxf4 38. Kd3 Ke7 39. Ne4 Rf8 40. Ke3 Ra8 41. Bf3 Ra3+ 42. Kf4 Ra5 43.
h4 Rf5+ 44. Ke3 Ra5 45. Bg4 Ra3+ 46. Kf4 Ra4 47. Ke5 Ra5+ 48. Kf4 Ra4 49. Bf3 Rb4 50.
Kg3 Rb3 51. Nf6 h5 52. Ne4 e5 53. Nc5 Ra3 54. Ne4 Ke6 55. Kf2 Kf5 56. Ng3+ Kf4 57. Ne2+ Kf5 58. Ng3+ Ke6 59. Be4 Kf7 60. Kg2 Ra2+ 61.
Kg1 Ra3 62. Kg2 Ra2+ 63. Kh3 Ra3 64. Bd5+ Ke7 65. Be4 Ra6 66. Kh2 Kf7 67. Kg2 Ra4 68. Kf2 Kg7 69. Ke3 Ra3+ 70. Ke2 Rxg3 0-1

[Event "Late-Titled-Tuesday-Blitz-March-19-2024"]
[Site "Chess.com"]
[Date "2024.03.19"]
[Round "9"]
[White "GHANDEEVAM2003"]
[Black "mishanick"]
[Result "1/2-1/2"]
[WhiteElo "3051"]
[BlackElo "3129"]
[TimeControl "180+1"]
[EndTime "15:44:57 PDT"]
[Termination "Game drawn by repetition"]

1. Nf3 d5 2. e3 Nf6 3. c4 e6 4. b3 Bd6 5. Bb2 O-O 6. Nc3 b6 7. d4 Bb7 8. Qc2 a6 9. cxd5 exd5 10. Bd3 Nbd7 11. Ne2 Re8 12. Ng3 Ne4 13. Rc1 Bb4+ 14. Ke2 Rc8 15. Ne5 Bd6 16. Nxe4 dxe4 17. Bxe4 Bxe4 18. Qxe4 Bxe5 19. dxe5 Nc5 20. Qc4 Qg5 21. h4 Qxg2 22. Rhg1 Qe4 23. Qxe4 Nxe4 24. b4 Red8 25. Rc2 c5 26. e6 f6 27. e7 Rd7 28. f3 Nd6 29.
Bxf6 Ne8 30. Bd4 Rdc7 31. bxc5 bxc5 32. Bb2 Rxe7 33. Rgc1 Rec7 34. Be5 Rc6 35. Rc4 Nf6 36. Bxf6 gxf6 37. Rg1+ Kf7 38. Rcg4 Ke6 39. Rg7 R8c7 40. Kd3 c4+ 41. Kc3 Kf5 42. h5 h6 43. R7g4 Ke6 44.
Re4+ Kf7 45. Rg6 Re7 46. Rxe7+ Kxe7 47. Rxh6 Rc5 48. f4 Ra5 49. Kxc4 Rxa2 50. f5 Ra5 51. e4 Kf7 52. Rh7+ Kg8 53. Ra7 Re5 54. Kd4 a5 55. h6 Rb5 56. Ra6 Rb4+ 57. Kd5 Rb5+ 58. Kd4 Rb4+ 59. Ke3 Rb3+ 60. Kf4 Kf7 61. Rxa5 Rh3 62.
Ra7+ Kg8 63. Rg7+ Kf8 64. Rg6 Kf7 65. Kg4 Rh1 66. Kf3 Rh3+ 67. Kg2 Rh4 68. Kf3 Rh3+ 69. Ke2 Ke7 70. Kd2 Kf7 71. Ke1 Ke7 72. Kf2 Kf7 73.
Kg2 Rh4 74. Kg3 Rh5 75. Kf4 Rh3 76. Kg4 Rh1 77. Kf3 Rh3+ 1/2-1/2

[Event "Late-Titled-Tuesday-Blitz-March-19-2024"]
[Site "Chess.com"]
[Date "2024.03.19"]
[Round "9"]
[White "Fandorine"]
[Black "GoltsevDmitry2000"]
[Result "0-1"]
[WhiteElo "2924"]
[BlackElo "2789"]
[TimeControl "180+1"]
[EndTime "15:44:57 PDT"]
[Termination "GoltsevDmitry2000 won on time"]

1. d4 e6 2. c4 d5 3. Nf3 dxc4 4. Qa4+ Nd7 5. Qxc4 Ngf6 6. Bg5 Be7 7. Nbd2 h6 8.
Bh4 Nb6 9. Qc2 Bd7 10. e3 Rc8 11. Be2 c5 12. dxc5 Rxc5 13. Qb1 Bb5 14. Bxb5+ Rxb5 15. O-O O-O 16. Rd1 Rd5 17. Nb3 Rxd1+ 18. Qxd1 Qxd1+ 19.
Rxd1 Nc4 20. Rc1 Nxb2 21. Rc7 Nd5 22. Rxb7 Bxh4 23. Nxh4 Rd8 24. h3 Nb6 25. Nd4 Rd7 26.
Rb8+ Kh7 27. Nhf3 N2c4 28. g4 Nd5 29. Nc6 Rc7 30. Nce5 Nxe5 31. Nxe5 f6 32. Nf3 Nc3 33. Nd4 e5 34. Ne6 Rc6 35. Nf8+ Kg8 36. Nd7+ Kh7 37. Rb7 Nxa2 38. Rxa7 Nc3 39. h4 Ne4 40. h5 Kg8 41. Ra8+ Kf7 42. Ra7 Kg8 43. f3 Rc1+ 44. Kg2 Rc2+ 45.
Kg1 Ng5 46. f4 exf4 47. exf4 Nh3+ 48. Kf1 Nxf4 49. Ra8+ Kf7 50. Ra7 Kg8 51. Ra8+ Kf7 52. Ra7 Ke8 53. Nb6 Rc6 54. Na4 Rc1+ 55. Kf2 Ra1 56. Ra8+ Kf7 57. Ra7+ Ke6 58. Ra6+ Ke5 59. Ra5+ Kd4 60. Ra8 Nd3+ 61. Kg3 Ne5 62. Nb6 Rg1+ 63. Kh3 Kc5 64. Na4+ Kc6 65. Ra7 Rxg4 66. Nc3 Rg5 67. Ne4 Rxh5+ 68. Kg3 Nd7 69. Ra6+ Kd5 70. Nc3+ Kc4 71.
Ne4 Nc5 72. Nd6+ Kd5 73. Rb6 Ne4+ 0-1

[Event "Late-Titled-Tuesday-Blitz-March-19-2024"]
[Site "Chess.com"]
[Date "2024.03.19"]
[Round "9"]
[White "Felix-Rose"]
[Black "Boorchess"]
[Result "1/2-1/2"]
[WhiteElo "2259"]
[BlackElo "2522"]
[TimeControl "180+1"]
[EndTime "15:44:59 PDT"]
[Termination "Game drawn - insufficient material"]

1. e4 e5 2. Nf3 Nf6 3. Nxe5 d6 4. Nf3 Nxe4 5. Nc3 Nf6 6. d4 g6 7. h3 Bg7 8. Bd3 O-O 9. O-O Re8 10. Bg5 h6 11. Bf4 Nc6 12. Qd2 Kh7 13. Rae1 Rxe1 14.
Rxe1 Ne7 15. Bh2 Bf5 16. g4 Bxd3 17. Qxd3 Qd7 18. d5 a6 19. a4 Re8 20. Bg3 Neg8 21.
Rxe8 Nxe8 22. Nd4 Ne7 23. b3 Nf6 24. Nde2 h5 25. f3 hxg4 26. hxg4 Kg8 27. Bh4 Nxg4 28. Bxe7 Ne5 29. Qe4 Qxe7 30. f4 f5 31. Qe3 Bh6 32. Qh3 Ng4 33. Qf3 Bg7 34. Nd1 Qh4 35. Qg3 Qh6 36. Kg2 Bf6 37. Qh3 Qf8 38. Nf2 Qe7 39. Qf3 Ne3+ 40. Kg1 Nxc2 41. Nh3 Qe3+ 42. Qxe3 Nxe3 43.
Kf2 Nxd5 44. Kf3 b5 45. axb5 axb5 46. Nf2 c5 47. Nd3 b4 48. Nf2 Kf7 49. Nd1 Ke6 50. Ne3 Nxe3 51. Kxe3 d5 52. Kd3 Kd6 53. Ng3 Kc6 54.
Ne2 Kb5 55. Ng3 c4+ 56. Kc2 Kc5 57. Ne2 Bg7 58. Kd2 Bh6 59. Ke3 cxb3 60. Kd2 Kc4 61. Kc1 Kd3 62. Ng1 Bxf4+ 63. Kb2 Ke3 64. Kxb3 Kf2 65.
Nh3+ Kg3 66. Ng1 Kf2 67. Nh3+ Ke3 68. Ng1 Bg3 69. Kxb4 Bf2 70. Nh3 Bh4 71. Kc5 Kf3 72.
Kxd5 g5 73. Ke6 g4 74. Ng1+ Kf2 75. Kxf5 g3 76. Nh3+ Kf3 77. Ng1+ Kg2 78. Ne2 Kf3 79. Nxg3 1/2-1/2

[Event "Late-Titled-Tuesday-Blitz-March-19-2024"]
[Site "Chess.com"]
[Date "2024.03.19"]
[Round "9"]
[White "Hikaru"]
[Black "Grischuk"]
[Result "1-0"]
[WhiteElo "3258"]
[BlackElo "3045"]
[TimeControl "180+1"]
[EndTime "15:45:01 PDT"]
[Termination "Hikaru won by resignation"]

1. e4 e5 2. Bc4 Nf6 3. d3 Bc5 4. c3 d6 5. Qf3 c6 6. Bb3 d5 7. h3 Be6 8. Bg5 Nbd7 9. Qe2 h6 10.
Bh4 a5 11. Nf3 a4 12. Bd1 dxe4 13. dxe4 Qc7 14. Nbd2 Nh5 15. Bc2 Nf4 16. Qf1 Qb6 17.
O-O-O Bxa2 18. Nc4 Qc7 19. Bg3 b5 20. Rxd7 Qxd7 21. Ncxe5 Qe6 22. Bxf4 Bb3 23. Nd3 Bb6 24. Be3 Bxe3+ 25. fxe3 Bxc2 26. Kxc2 Qxe4 27. Nd2 Qe7 28. Qf3 O-O 29. Qxc6 a3 30. Qc5 Qe6 31. b3 a2 32. Ra1 Qg6 33. Qd5 Rfd8 34. Qe4 Qd6 35. Nf3 Ra7 36. Nd4 Re7 37. Qf3 g6 38. Rxa2 Rde8 39.
Qf4 Qd7 40. Kd2 Re4 41. Qxh6 Qd5 42. Rc2 Rxe3 43. Qxe3 Rxe3 44. Kxe3 Qg5+ 45. Kf3 Qf6+ 46. Ke2 Qg5 47. Kf1 Qe3 48. Ne1 Qf4+ 49. Ndf3 g5 50.
Rf2 f5 51. Nd4 Qe3 52. Nxf5 Qxc3 53. Rf3 Qc1 54. Nd4 b4 55. Nc2 Qd2 56. Rd3 Qf4+ 57. Nf3 g4 58. hxg4 Qxg4 59. Rd4 Qf5 60. Nxb4 Qb1+ 61.
Kf2 Qxb3 62. Nd3 Qa2+ 63. Kg3 Qa1 64. Nde5 Qb1 65. Rd7 Kf8 66. Rf7+ Ke8 67. Rf4 Kd8 68. Ng4 Kc8 69. Rc4+ Kb8 70. Rd4 Qa1 71. Nge5 Kb7 72.
Kf4 Qc1+ 73. Rd2 Qa1 74. g4 Qa4+ 75. Rd4 Qe8 76. g5 Qh5 77. g6 Qh6+ 78. Kg4 Ka8 79. Rd7 Qf8 80. g7 Qg8 81. Rf7 Qh7 82. Rf8+ Ka7 83.
g8=Q 1-0

[Event "Late-Titled-Tuesday-Blitz-March-19-2024"]
[Site "Chess.com"]
[Date "2024.03.19"]
[Round "9"]
[White "Sargsyan_Shant"]
[Black "ChessBrainiacOnTwitch"]
[Result "1-0"]
[WhiteElo "2950"]
[BlackElo "2817"]
[TimeControl "180+1"]
[EndTime "15:45:02 PDT"]
[Termination "Sargsyan_Shant won by resignation"]

1. c4 Nf6 2. Nc3 g6 3. e4 d6 4. d4 Bg7 5. Be2 O-O 6. Be3 Nc6 7. Nf3 Ng4 8. Bg5 h6 9. Bh4 g5 10. Bg3 e5 11. dxe5 dxe5 12. h3 Nf6 13. Nxe5 Nxe5 14.
Qxd8 Rxd8 15. Bxe5 Re8 16. Bxf6 Bxf6 17. f3 c6 18.
O-O-O Be6 19. Kc2 Rad8 20. Na4 b6 21. b3 Be5 22. Nb2 f5 23. Rxd8 Rxd8 24. exf5 Bxf5+ 25. Bd3 Bxb2 26. Bxf5 Ba3 27. Re1 Bb4 28. Re2 Kg7 29.
Be4 Rd6 30. Bd3 Kf6 31. g3 Re6 32. Be4 Rd6 33. f4 gxf4 34. gxf4 Rd4 35. f5 a5 36. Bd3 Rd6 37. Rg2 Ke5 38. Re2+ Kf6 39. h4 Bc5 40. Rg2 Ke5 41. Re2+ Kf6 42. Be4 Rd4 43. h5 Bb4 44. Bd3 Rd6 45. Rg2 Ke5 46. Rf2 Kf6 47. Re2 Bc5 48. Rg2 Ke5 49. Rg8 Kd4 50. Rg4+ Ke5 51. Rg8 Kd4 52. Re8 Bb4 53. Re4+ Kc5 54. Rf4 Rf6 55. Rg4 Kd6 56. Rg8 Bc5 57. Re8 Bb4 58. Be4 Kd7 59. Rg8 Kd6 60. Kd3 Ke5 61. Rg6 Rxg6 62.
fxg6 Kf6 63. Bxc6 Ba3 64. Ke4 Kg7 65. Kd5 Kf6 66. Be8 Kg7 67. Bf7 Kf6 68. Kc6 Bc5 69.
Kb5 Kg7 70. a3 Kf6 71. b4 axb4 72. axb4 Bf2 73. Kc6 Kg7 74. Kd5 Kf8 75. Be6 Kg7 76. Bg4 Be1 77. c5 bxc5 78. bxc5 Kf8 79. Ke6 Bg3 80.
Kd7 Kg7 81. c6 1-0

[Event "Late-Titled-Tuesday-Blitz-March-19-2024"]
[Site "Chess.com"]
[Date "2024.03.19"]
[Round "9"]
[White "subham777"]
[Black "Shahdad2007"]
[Result "1/2-1/2"]
[WhiteElo "2542"]
[BlackElo "2606"]
[TimeControl "180+1"]
[EndTime "15:45:04 PDT"]
[Termination "Game drawn by repetition"]

1. e4 c5 2. Nf3 e6 3. g3 Nc6 4.
Bg2 g6 5. O-O Bg7 6. c3 Nge7 7.
Re1 O-O 8. d4 d6 9. a4 b6 10. Na3 Ba6 11. Bf4 e5 12. dxe5 dxe5 13. Bg5 Qd3 14. Qxd3 Bxd3 15. Rad1 Rfd8 16. Rd2 f6 17.
Be3 Na5 18. Red1 c4 19. Nxc4 Nxc4 20. Rxd3 Rxd3 21. Rxd3 Nxb2 22. Rd7 Nc6 23. Bf1 Rd8 24. Rc7 Rd6 25. Bb5 Na5 26. Rxa7 Bf8 27. Ra8 Kf7 28.
Rb8 Nbc4 29. Bxc4+ Nxc4 30. Rb7+ Ke6 31. Rxh7 Nxe3 32.
fxe3 Rd3 33. Kf2 Bc5 34. h4 Rxe3 35. Kg2 Rxe4 36. Rg7 Kf5 37. Nh2 Rxa4 38. g4+ Ke6 39. Rxg6 Kf7 40. Rh6 Bf8 41. Rh5 Rc4 42. Rf5 Ke6 43. Rf3 e4 44. Rh3 Bh6 45. Nf1 b5 46. Ng3 Rxc3 47. Nxe4 Rxh3 48. Kxh3 b4 49. g5 fxg5 50.
hxg5 Bg7 51. Kg4 Kd5 52. Nd2 Bc3 53. Nb3 Kc4 54. Na5+ Kb5 55. Nb3 Kc6 56. g6 Bg7 57. Kf5 Kd5 58. Na5 Bh8 59. Nb3 Kc4 60. Na5+ Kb5 61.
Nb3 Ka4 62. Nc5+ Ka3 63. Ke6 Bd4 64. Nd3 b3 65. Kd5 Bg7 66. Ke6 Bd4 67. Kf7 Ka4 68. g7 Bxg7 69. Kxg7 Kb5 70. Kf6 Kc4 71. Nb2+ Kc3 72. Na4+ Kb4 73. Nb2 Ka3 74. Nc4+ Kb4 75. Nb2 Kc3 76. Na4+ Kb4 77. Nb2 1/2-1/2

[Event "Late-Titled-Tuesday-Blitz-March-19-2024"]
[Site "Chess.com"]
[Date "2024.03.19"]
[Round "9"]
[White "bascheyaro"]
[Black "Orest_Vovk"]
[Result "0-1"]
[WhiteElo "2784"]
[BlackElo "2543"]
[TimeControl "180+1"]
[EndTime "15:45:05 PDT"]
[Termination "Orest_Vovk won by checkmate"]

1. d4 Nc6 2. Nf3 Nf6 3. Bf4 e6 4. e3 Bd6 5. Bg3 Bxg3 6. hxg3 d6 7. c4 e5 8. Nc3 Bg4 9. Be2 Bxf3 10. Bxf3 exd4 11. Bxc6+ bxc6 12. Qxd4 Qe7 13. Rd1 O-O 14. b3 Rfe8 15. O-O Qe5 16. Qd3 Ng4 17. Qd4 Qh5 18.
Rfe1 Qh2+ 19. Kf1 h5 20. Ne2 Qh1+ 21. Ng1 Nh2+ 22. Ke2 Qxg2 23. Rd2 Ng4 24. Kd1 Nxf2+ 25. Kc2 Qxg3 26. Ne2 Qg6+ 27. Kb2 c5 28. Qc3 Ne4 29.
Qd3 Qf6+ 30. Nc3 Nxc3 31. Qxc3 Qxc3+ 32. Kxc3 Re5 33. Rg2 a5 34. e4 a4 35. b4 cxb4+ 36.
Kxb4 a3 37. Reg1 g6 38. Re2 Kg7 39. Rg3 Ree8 40. Kc3 Rab8 41. Rgg2 Re5 42. Kd4 Rbe8 43. Re3 f5 44. Rxa3 Rxe4+ 45. Kd5 R8e5+ 46. Kc6 Rxc4+ 47. Kd7 Kf6 48. Ra8 Re7+ 49. Kd8 Rf7 50. Ra5 Rf8+ 51. Kd7 Rf7+ 52. Kc8 Re4 53. Kb7 c5+ 54. Kc6 Re6 55. Kd5 Re5+ 56. Kxd6 Rfe7 57. Ra8 R5e6+ 58. Kxc5 Rc7+ 59.
Kd5 Rd7+ 60. Kc5 Rf7 61. Rd8 f4 62. Rg8 Kf5 63. Rg1 f3 64. a4 Re5+ 65. Kd4 Re4+ 66. Kd3 Rg4 67. Rf1 Kf4 68. a5 Kg3 69. a6 Kg2 70. Ra1 f2 71. a7 Rxa7 72. Rxa7 f1=Q+ 73. Kc2 Qf2+ 74. Kd1 Rd4+ 75. Kc1 Qd2+ 76. Kb1 Rb4+ 77.
Ka1 Qb2# 0-1

[Event "Late-Titled-Tuesday-Blitz-March-19-2024"]
[Site "Chess.com"]
[Date "2024.03.19"]
[Round "9"]
[White "Slovak_fighter2000"]
[Black "bitter-cikolata"]
[Result "1-0"]
[WhiteElo "2594"]
[BlackElo "2514"]
[TimeControl "180+1"]
[EndTime "15:45:09 PDT"]
[Termination "Slovak_fighter2000 won by resignation"]

1. d4 Nf6 2. Nf3 g6 3. c4 Bg7 4. Nc3 d5 5. Bg5 c6 6. e3 O-O 7. Bd3 Nbd7 8. O-O dxc4 9. Bxc4 Nb6 10. Bb3 Bg4 11. h3 Bf5 12. Qe2 Ne4 13. Nxe4 Bxe4 14. Rad1 h6 15. Bf4 Nd5 16. Bg3 g5 17. Ne5 Bxe5 18. Bxe5 Qd7 19. f3 Bg6 20. e4 Nb6 21.
f4 Kh7 22. f5 f6 23. fxg6+ Kxg6 24. Bg3 Rad8 25. Bc2 Kg7 26. Qh5 Qe6 27. d5 cxd5 28. exd5 Qe3+ 29. Kh2 f5 30. Rfe1 Qc5 31. Be5+ Kh7 32.
Bd4 Qc7+ 33. Kh1 Nxd5 34. Bb3 Nf4 35. Qf3 Qa5 36. Bc3 Qc7 37. Rxd8 Rxd8 38. Qe3 Rd7 39. Qe5 Qxe5 40. Bxe5 Nd3 41. Re2 Kg6 42. Bc3 Nf4 43. Rf2 e6 44. Kh2 Rd3 45. Rd2 Rxd2 46. Bxd2 Nd3 47. Bxe6 Nxb2 48. Bd5 b6 49. Bc3 Na4 50.
Bd4 f4 51. Kg1 Nc5 52. Bxc5 bxc5 53. Kf2 Kf6 54. Ke2 Ke5 55. Bf3 Kd4 56. Kd2 a5 57. Bh5 a4 58. Be8 a3 59. Bg6 c4 60. Bf5 Ke5 61. Bc2 Kd4 62. Bb1 Ke5 63. Bc2 Kd4 64.
Bd1 Ke5 65. Kc3 Ke4 66. Kxc4 Ke3 67. Kb3 Kf2 68. Bf3 h5 69. Kxa3 Kg3 70. Kb4 g4 71.
hxg4 hxg4 72. Be4 f3 73. gxf3 gxf3 74. Bxf3 Kxf3 75. a4 Ke4 76. Kb5 Kd5 77. Kb6 1-0